 Dungeon Crawl Stone Soup version 0.30-a0-137-gd8773701ce (webtiles) character file.

Game seed: 2893281978527386111

22144 purpskrrrp the Fighter (level 12, -12/104 HPs)
             Began as a Demigod Transmuter on Sept 22, 2022.
             Shot with a bolt by a yaktaur captain (24 damage)
             ... on level 14 of the Dungeon.
             The game lasted 00:54:19 (12318 turns).

purpskrrrp the Fighter (Demigod Transmuter)        Turns: 12318, Time: 00:54:19

Health: -12/104    AC: 28    Str: 23    XL:     12   Next: 29%
Magic:  25/25      EV: 12    Int: 15    God:
Gold:   244        SH:  0    Dex: 30    Spells: 16/23 levels left

rFire   + . .      SeeInvis .    O - +8 autumn katana {vorpal, manifold assault}
rCold   + . .      Faith    .    (no shield)
rNeg    . . .      Spirit   .    B - +18 Lear's hauberk
rPois   +          Reflect  .    (helmet currently unavailable)
rElec   +          Harm     .    (no cloak)
rCorr   +          Rampage  .    (gloves currently unavailable)
Will    +....                    (boots currently unavailable)
Stlth   ..........               c - amulet of regeneration
HPRegen 1.07/turn                A - +6 ring of dexterity
MPRegen 0.19/turn                E - +6 ring of dexterity

@: resistant, on berserk cooldown, slowed, very slow
A: high MP 1, forlorn, divine attributes
a: no special abilities


You were on level 14 of the Dungeon.
You visited 2 branches of the dungeon, and saw 15 of its levels.

You collected 900 gold pieces.
You spent 656 gold pieces at shops.

Inventory:

Hand Weapons
 d - a +3 whip of venom
 J - a +4 morningstar of freezing
 O - the +8 autumn katana (weapon) {vorpal, manifold assault}
   (You bought it in a shop on level 7 of the Dungeon)

   It sometimes launches melee attacks against multiple visible enemies.
Missiles
 q - 2 javelins
Armour
 a - a +0 robe
 e - a +1 pair of boots
 o - a +2 robe of resistance
 y - the +5 robe of Night {Dark Will+ SInv}
   (You found it on level 9 of the Dungeon)

   It shrouds the wearer in darkness, reducing the range at which they can see
   and be seen by others.
   SInv:      It lets you see invisible.
   Will:      It increases your willpower.
 B - the +18 Lear's hauberk (worn)
   (You found it on level 7 of the Dungeon)
Jewellery
 b - a +4 ring of protection
 c - an amulet of regeneration (around neck)
 h - a ring of protection from fire
 s - the ring of the Rose {rElec rPois rC+ rCorr Dex-3}
   (You found it on level 4 of the Dungeon)

   [ring of protection from cold]

   Dex:       It affects your dexterity (-3).
   rC:        It protects you from cold.
   rElec:     It insulates you from electricity.
   rPois:     It protects you from poison.
   rCorr:     It protects you from acid and corrosion.
 t - a ring of resist corrosion
 z - a +4 ring of evasion
 A - a +6 ring of dexterity (left hand)
 E - a +6 ring of dexterity (right hand)
 F - a ring of protection from fire
Wands
 j - a wand of digging (3)
 m - a wand of flame (33)
 r - a wand of paralysis (28)
 C - a wand of polymorph (13)
Scrolls
 u - 5 scrolls of teleportation
 x - a scroll of fear
 D - 3 scrolls of magic mapping
 I - a scroll of immolation
 L - a scroll of enchant weapon
 M - 2 scrolls of fog
 N - a scroll of enchant armour
Potions
 f - 6 potions of mutation
 g - 2 potions of ambrosia
 i - 2 potions of degeneration
 k - 3 potions of heal wounds
 l - 2 potions of magic {unknown}
 n - 7 potions of curing
 p - a potion of attraction
 v - 3 potions of might
 w - 2 potions of brilliance
 G - 2 potions of flight
 H - a potion of resistance


   Skills:
 + Level 9.1 Fighting
 * Level 8.8 Long Blades
 - Level 8.2 Maces & Flails
 - Level 6.9 Armour
 - Level 4.4 Dodging
 - Level 4.0 Unarmed Combat
 - Level 6.1 Spellcasting
 - Level 6.7 Transmutations
 - Level 0.8 Earth Magic


You had 16 spell levels left.
You knew the following spells:

 Your Spells              Type           Power      Damage    Failure   Level
a - Beastly Appendage     Tmut           48%        N/A       6%          1
b - Statue Form           Tmut/Erth      10%        N/A       100%        6

Your spell library contained the following spells:

 Spells                   Type           Power      Damage    Failure   Level
 Wereblood                Tmut           24%        N/A       9%          2
 Passwall                 Tmut/Erth      13%        N/A       30%         2
 Sandblast                Erth           14%        2d6       54%         1
 Spider Form              Tmut/Pois      14%        N/A       58%         3
 Foxfire                  Conj/Fire      16%        2x1d4     67%         1
 Necrotise                Necr           16%        1d4       67%         1
 Slow                     Hex            16%        N/A       67%         1
 Ignite Poison            Fire/Tmut/Pois 11%        N/A       75%         3
 Blink                    Tloc           8%         N/A       82%         2
 Petrify                  Tmut/Erth      16%        N/A       89%         4
 Stone Arrow              Conj/Erth      10%        3d7       94%         3
 Ice Form                 Ice/Tmut       14%        N/A       94%         4
 Confusing Touch          Hex            4%         N/A       96%         3
 Gell's Gravitas          Tloc           4%         N/A       96%         3
 Inner Flame              Hex/Fire       4%         N/A       96%         3
 Kindle Blastsparks       Fire/Tloc/Air  8%         2d10      96%         3
 Lesser Beckoning         Tloc           4%         N/A       96%         3
 Mephitic Cloud           Conj/Pois/Air  4%         N/A       96%         3
 Ozocubu's Armour         Ice            4%         N/A       96%         3
 Teleport Other           Tloc           4%         N/A       96%         3
 Tukima's Dance           Hex            4%         N/A       96%         3
 Vampiric Draining        Necr           4%         2d6       96%         3
 Flame Wave               Conj/Fire      4%         2d5       100%        4
 Manifold Assault         Tloc           4%         N/A       100%        4
 Passage of Golubria      Tloc           4%         N/A       100%        4
 Agony                    Necr           4%         N/A       100%        5
 Freezing Cloud           Conj/Ice/Air   2%         6-21      100%        5
 Metabolic Englaciation   Hex/Ice        2%         N/A       100%        5
 Yara's Violent Unravell  Hex/Tmut       7%         3d5       100%        5
 Dispersal                Tloc           2%         N/A       100%        6
 Ozocubu's Refrigeration  Ice            2%         4d7       100%        7


Dungeon Overview and Level Annotations

Branches:
Dungeon (14/15)            Temple (1/1) D:4            Lair (0/5) D:8
    Orc (0/2) D:9          Vaults (0/5) D:14

Shops:
D:1 ?   D:4 (   D:7 [(*=*   D:10 [


Innate Abilities, Weirdness & Mutations

You have an increased reservoir of magic. (+10% MP)
You shall have no god before yourself.
Your divine heritage dramatically boosts your attributes as you level up.


Message History

The fire dragon tramples you but does no damage.
You catch the helpless fire dragon completely off-guard!
You hit the fire dragon but do no damage.
You slice through the folds of space itself!
You slash the yaktaur!
You kill the yaktaur!
You slice the yaktaur!!
You kill the yaktaur!
The fire dragon is severely wounded.
The fire dragon breathes flames at something.
You barely miss the fire dragon.
The fire dragon is severely wounded.
You flicker back into view.
The fire dragon bites you but does no damage.
The fire dragon claws you but does no damage.
The fire dragon closely misses you.
You slash the fire dragon!
The fire dragon is almost dead.
The fire dragon bites you but does no damage.
The fire dragon claws you but does no damage.
The fire dragon tramples you but does no damage.
The yaktaur captain is engulfed in poison gas.
The yaktaur captain looks even sicker.
The yaktaur captain shoots a bolt.
The bolt hits you!
You slash the fire dragon!
You kill the fire dragon!
The fire dragon scales are intact enough to wear.
The yaktaur captain is engulfed in poison gas.
The yaktaur captain looks as sick as possible!
The yaktaur captain shoots a bolt.
The bolt hits you!!
* * * LOW HITPOINT WARNING * * *
The yaktaur captain is engulfed in poison gas.
The yaktaur captain looks as sick as possible!
The yaktaur captain shoots a bolt.
The bolt hits you!
* * * LOW HITPOINT WARNING * * *
A yak comes into view.
The yaktaur captain is engulfed in poison gas.
The yaktaur captain looks as sick as possible!
The yaktaur captain shoots a bolt.
The bolt hits you!!
You die...

...####...........,,,* *,,*
.........####..☼#**,,* *,,*
.........##°.°☼.####,***,,*
...####..##°°○..°.°#,,,,,,*
...# #..##.☼○○°○.○#,,,,,,*
#..# #.....?.○)...#,#**,,*
#..# #......Yc○°☼.#.# *,,*
#..# #...#)#.#°[.°.°# *,,*
#..#**#...Y.D.#∩@.○○°#**,,*
*,,......##.#.###○....○.,,*
*,,......##.....,.☼°....,,*
*,,####..##.#.#.#....###,,*
*,,* #..,...........# *,,*
*,,* *,,,..>...###..# *,,*
,,,* *,,####..## *..#**,,*
,,,* *,,* *!.# *...,,,,*
,,,****,,* *,,****,,,,,,,*


You could see a yaktaur captain (extremely poisoned) and a yak.

Vanquished Creatures
  Nessos (D:12)
  A fire dragon (D:14)
  Erolcha (D:11)
  3 centaur warriors
  2 two-headed ogres
  A boulder beetle (D:8)
  A tengu warrior (D:13)
  Pikel (D:4)
  2 deep elf pyromancers
  2 cyclopes (D:11)
  3 ugly things
  An unseen horror (D:10)
  6 unseen horror zombies (D:9)
  2 yaktaurs (D:14)
  2 gargoyles
  4 trolls
  4 slime creatures (D:12)
  A hornet (D:10)
  A centaur simulacrum (D:12)
  3 wraiths
  13 yaks
  Eustachio (D:4)
  2 steam dragons
  A water moccasin (D:5)
  2 acid dragons (D:12)
  5 orc warriors
  4 black bears
  A sky beast (D:8)
  2 ogres
  5 centaurs
  A lemure (D:4)
  A kobold brigand (D:8)
  A bullfrog (D:7)
  A wyvern zombie (D:9)
  15 wights (D:9)
  7 killer bees
  An electric eel (D:9)
  8 howler monkeys
  10 centaur zombies (D:9)
  A hound (D:4)
  6 orc priests
  2 jellies
  Terence (D:3)
  An iguana (D:4)
  Natasha (thrice) (D:3)
  12 orc wizards
  A killer bee zombie (D:9)
  2 human simulacra (D:13)
  4 howler monkey zombies (D:9)
  4 adders
  4 gnolls (D:3)
  2 ufetubi
  3 worms
  3 dart slugs
  50 orcs
  3 endoplasms
  3 giant cockroaches
  10 goblins
  6 hobgoblins
  6 jackals
  2 quokkas (D:1)
  11 ball pythons
  2 bats
  4 frilled lizards
  13 kobolds
  7 rats
289 creatures vanquished.

Vanquished Creatures (others)
  A centaur warrior (D:14)
  A catoblepas (D:14)
  2 fungi (D:8)
  10 plants (D:8)
  A withered plant (D:9)
15 creatures vanquished.

Grand Total: 304 creatures vanquished

Notes
Turn   | Place    | Note
-------+----------+-------------------------------------------
     0 | D:1      | purpskrrrp the Demigod Transmuter began the quest for the
                  | Orb.
     0 | D:1      | Reached XP level 1. HP: 15/15 MP: 5/5
   164 | D:1      | Found Maepruf's Magic Scroll Boutique.
   169 | D:1      | Reached skill level 1 in Fighting
   292 | D:1      | Reached XP level 2. HP: 21/23 MP: 7/7
   535 | D:1      | Reached skill level 1 in Maces & Flails
  1002 | D:2      | Reached XP level 3. HP: 28/28 MP: 6/8
  2064 | D:3      | Noticed Natasha
  2072 | D:3      | Killed Natasha
  2073 | D:3      | Reached XP level 4. HP: 8/35 MP: 8/10
  2164 | D:3      | Noticed Natasha
  2177 | D:3      | Killed Natasha
  2203 | D:3      | Noticed Terence
  2212 | D:3      | Killed Terence
  2284 | D:3      | Noticed Natasha
  2298 | D:3      | Killed Natasha
  2299 | D:3      | Reached XP level 5. HP: 41/41 MP: 11/11
  2439 | D:3      | Reached skill level 2 in Fighting
  2857 | D:4      | Found Mygog's Weapon Shop.
  2873 | D:4      | Noticed Eustachio
  2903 | D:4      | Killed Eustachio
  2904 | D:4      | Reached XP level 6. HP: 25/50 MP: 11/13
  2951 | D:4      | Found a staircase to the Ecumenical Temple.
  2966 | Temple   | Entered the Ecumenical Temple
  3253 | D:4      | Identified the ring of the Rose {rElec rPois rC+ rCorr
                  | Dex-3}
  3814 | D:4      | Noticed Pikel
  3840 | D:4      | Killed Pikel
  3841 | D:4      | Reached skill level 3 in Fighting
  3841 | D:4      | Reached XP level 7. HP: 29/57 MP: 13/15
  4202 | D:5      | Entered Level 5 of the Dungeon
  4505 | D:5      | Reached skill level 5 in Maces & Flails
  4505 | D:5      | Reached XP level 8. HP: 64/66 MP: 14/16
  4761 | D:6      | You fall into a shaft and drop 1 floor!
  4867 | D:7      | Noticed a troll
  4904 | D:7      | Killed a troll
  4905 | D:7      | Reached skill level 4 in Fighting
  5176 | D:7      | Found the +18 Lear's hauberk
  5232 | D:7      | Reached skill level 1 in Armour
  5250 | D:7      | Found Ogoll's General Store.
  5251 | D:7      | Found Haruax's Jewellery Shoppe.
  5297 | D:7      | Found Yso Qaad's Weapon Boutique.
  5307 | D:7      | Found Keadiad's Antique Armour Shop.
  5547 | D:7      | Found Liclomeg's Assorted Antiques.
  6276 | D:8      | Reached XP level 9. HP: 71/72 MP: 19/19
  6303 | D:8      | Found a staircase to the Lair.
  6354 | D:8      | Reached skill level 5 in Transmutations
  6385 | D:8      | Reached skill level 5 in Fighting
  6733 | D:8      | Reached skill level 5 in Spellcasting
  7147 | D:8      | Noticed a centaur warrior
  7147 | D:8      | Noticed a gargoyle
  7170 | D:8      | Killed a gargoyle
  7189 | D:8      | Killed a centaur warrior
  7190 | D:8      | Reached skill level 5 in Armour
  7190 | D:8      | Reached XP level 10. HP: 70/82 MP: 21/21
  7250 | D:8      | Noticed a boulder beetle
  7269 | D:8      | Killed a boulder beetle
  7685 | D:9      | Found the +5 robe of Night {Dark Will+ SInv}
  7814 | D:9      | Reached skill level 6 in Fighting
  8677 | D:9      | Found a staircase to the Orcish Mines.
  8803 | D:9      | Reached XP level 11. HP: 87/88 MP: 24/24
  8939 | D:10     | Entered Level 10 of the Dungeon
  9080 | D:10     | Learned a level 6 spell: Statue Form
  9103 | D:10     | Found Siep's Armour Emporium.
  9510 | D:7      | Bought the +8 autumn katana {vorpal, manifold assault} for
                  | 656 gold pieces
  9510 | D:7      | Found the +8 autumn katana {vorpal, manifold assault}
  9568 | D:11     | Reached skill level 1 in Long Blades
  9782 | D:11     | Noticed Erolcha
  9787 | D:11     | Noticed a two-headed ogre
  9792 | D:11     | Killed Erolcha
  9793 | D:11     | Reached skill level 7 in Fighting
  9799 | D:11     | Killed a two-headed ogre
 10281 | D:12     | Reached skill level 5 in Long Blades
 10453 | D:12     | Noticed a two-headed ogre
 10464 | D:12     | Killed a two-headed ogre
 10559 | D:12     | Noticed Nessos
 10601 | D:12     | Killed Nessos
 10885 | D:12     | Reached skill level 8 in Fighting
 10955 | D:12     | Noticed a deep elf pyromancer
 11103 | D:12     | Killed a deep elf pyromancer
 11322 | D:12     | Identified the +10 short sword of Wilus {elec, rElec Str-5
                  | Int+7}
 11503 | D:13     | Noticed a centaur warrior
 11514 | D:13     | Killed a centaur warrior
 11561 | D:13     | Noticed a tengu warrior
 11577 | D:13     | Killed a tengu warrior
 11578 | D:13     | Reached XP level 12. HP: 86/103 MP: 25/25
 12042 | D:13     | Noticed a centaur warrior
 12055 | D:13     | Killed a centaur warrior
 12287 | D:14     | Noticed a centaur warrior
 12288 | D:14     | Noticed a yaktaur captain
 12289 | D:14     | Noticed a fire dragon
 12299 | D:14     | Noticed a catoblepas
 12302 | D:14     | Killed a centaur warrior
 12303 | D:14     | Found a gate to the Vaults.
 12312 | D:14     | Killed a catoblepas
 12313 | D:14     | Reached skill level 9 in Fighting
 12317 | D:14     | Killed a fire dragon
 12318 | D:14     | Shot with a bolt by a yaktaur captain

Illustrated notes

Levels and vault maps discovered:
D:1:      nicolae_arrival_somewhat_less_tricky_arrival, layout_basic,
          serial_shops, shop_fountains, minmay_hedge_maze,
          minmay_misc_feat_ornament
D:2:      layout_basic, shapermc_ecumenical_altar_venn, nrook_loot_triangle
D:3:      layout_loops_ring, nicolae_overflow_hidden_temple, uniq_terence,
          uniq_natasha
D:4:      layout_basic, minmay_temple_entry_glassed_door, serial_shops,
          nicolae_stop_n_shop_2, uniq_eustachio, uniq_pikel
D:5:      layout_loops_ring
D:6:      layout_loops_ring
D:7:      layout_layer_cave, serial_shops, shop, shop, shop_statue, shop,
          nicolae_stop_n_shop_1, hellmonk_guarded_unrand_lears
D:8:      layout_cave_pools, grunt_temple_overflow_open,
          mainiacjoe_overflow_boulevard, mainiacjoe_overflow_alcove_1,
          grunt_lair_entry_orc_guard_hut, minmay_shattered_shrine
D:9:      layout_grid_maze, nicolae_elyvilon_temple_path,
          mainiacjoe_overflow_brackets, mainiacjoe_overflow_divided_tiny,
          orc_0_dummy, serial_undead, serial_undead_a, serial_undead_c,
          serial_undead_a, serial_undead_a, serial_undead_a, serial_undead_a,
          serial_undead_d, serial_undead_b, serial_undead_c, serial_undead_a,
          grunt_decor_junction, nicolae_eternal_life,
          hangedman_abyss_or_decor_stagger
D:10:     layout_roguey, serial_shops, kennysheep_mini
D:11:     layout_rooms, nicolae_two_hexagons, uniq_erolcha
D:12:     layout_stronghold, minmay_misc_feat_room, uniq_nessos
D:13:     layout_irregular_city, bh_circular_ruins
D:14:     layout_small_grid, david_vaults_2, gauntlet_entry_generic
Temple:   hellmonk_temple_flake

Skill      XL: |  1  2  3  4  5  6  7  8  9 10 11 12 |
---------------+-------------------------------------+-----
Fighting       | 1 2 3 4 5 6 8 9 |  9.1
Transmutations | 2 3 4 5 6 |  6.7
Dodging        | 2 3 4 |  4.4
Spellcasting   | 2 3 4 5 6 |  6.1
Maces & Flails | 1 2 3 4 5 6 8 |  8.2
Armour         | 2 5 6 |  6.9
Unarmed Combat | 3 4 |  4.0
Long Blades    | 7 8 |  8.8
Earth Magic    | |  0.8

Action                   |  1- 3 |  4- 6 |  7- 9 | 10-12 || total
-------------------------+-------+-------+-------+-------++-------
Melee: Whip              |    90 |   133 |   416 |   588 ||  1227
       Unarmed           |     4 |       |       |       ||     4
       Kick              |    22 |    36 |    22 |       ||    80
       Punch             |     2 |     2 |     5 |    35 ||    44
       Headbutt          |    14 |    18 |    13 |       ||    45
       Katana            |       |       |       |   319 ||   319
Throw: Javelin           |       |     2 |     9 |       ||    11
       Throwing net      |       |     1 |       |       ||     1
 Cast: Beastly Appendage |    34 |    28 |    12 |       ||    74
  Use: Scroll            |     4 |     5 |    11 |    15 ||    35
       Potion            |     1 |     1 |     2 |     7 ||    11
 Stab: Sleeping          |       |     1 |       |       ||     1
       Invisible         |       |       |       |     2 ||     2
Armor: Robe              |    13 |    44 |    34 |       ||    91
       Chain mail        |       |       |   324 |  1136 ||  1460
       Skin              |       |       |     2 |       ||     2
Dodge: Dodged            |    37 |    77 |   255 |   632 ||  1001

Table legend: (Time is in decaauts)
 A = Elapsed time spent in this place.
 B = Non-inter-level travel time spent in this place.
 C = Inter-level travel time spent in this place.
 D = Time resting spent in this place.
 E = Time spent auto-exploring this place.
 F = Levels seen in this place.
 G = Mean time per level.
                   A        B        C        D        E       F      G
               +--------+--------+--------+--------+--------+-----+--------+
         Total |  12075 |  11444 |    631 |    814 |   7904 |  15 |  805.0 |
       Dungeon |  11902 |  11271 |    631 |    814 |   7772 |  14 |  850.1 |
        Temple |    172 |    172 |      0 |      0 |    132 |   1 |  172.0 |
               +--------+--------+--------+--------+--------+-----+--------+

Top non-repeatable levels by time:
     D:7: 1657 daAuts
     D:9: 1261 daAuts
    D:12: 1232 daAuts
     D:4: 1168 daAuts
     D:2: 1132 daAuts
     D:8: 1116 daAuts
     D:1: 911 daAuts
     D:3: 822 daAuts
    D:13: 748 daAuts
    D:11: 642 daAuts
    D:10: 599 daAuts
     D:5: 544 daAuts
  Temple: 172 daAuts
    D:14: 55 daAuts
     D:6: 10 daAuts
